 Dungeon Crawl Stone Soup version 0.28-a0-983-g1de4e0787c (webtiles) character file.

Game seed: 14163441595549381023

50 Redcow54321 the Ducker (level 3, -1/17 HPs)
             Began as a Felid Abyssal Knight on Dec 3, 2021.
             Was a Follower of Lugonu.
             Slain by a hobgoblin (5 damage)
             ... on level 3 of the Dungeon.
             The game lasted 00:04:27 (2709 turns).

Redcow54321 the Ducker (Felid Abyssal Knight)       Turns: 2709, Time: 00:04:27

Health: -1/17      AC:  1    Str:  9    XL:     3   Next: 55%
Magic:  5/5        EV: 20    Int: 11    God:    Lugonu [*.....]
Gold:   115        SH:  0    Dex: 18    Spells: 2/2 levels left
                                        Lives:  0   Deaths: 0

rFire   . . .      SeeInvis +     - Unarmed
rCold   . . .      Faith    .   (shield unavailable)
rNeg    . . .      Spirit   .   (armour unavailable)
rPois   .          Reflect  .   (helmet unavailable)
rElec   .          Harm     .   (cloak unavailable)
rCorr   .          Rampage  .   (gloves unavailable)
Will    .....                   (boots unavailable)
Stlth   ++........              (no amulet)
HPRegen 0.05/turn               (no ring)
MPRegen 0.09/turn               (no ring)

@: quick
A: very small, claws 1, fangs 3, see invisible, speed 1, shaggy fur 1, stealthy
paws, no weapons or thrown items, no armour, multi-lived
a: Renounce Religion, Depart the Abyss


You were on level 3 of the Dungeon.
You worshipped Lugonu.
Lugonu was aware of your devotion.
You visited 1 branch of the dungeon, and saw 3 of its levels.
You visited the Abyss 1 time.

You collected 115 gold pieces.

Inventory:

Jewellery
 k - a ring of protection from cold
Scrolls
 a - 2 scrolls of teleportation {unknown}
 b - 2 scrolls of noise {unknown}
 e - a scroll of immolation {unknown}
 h - 3 scrolls of fear {unknown}
 i - a scroll of blinking {unknown}
 j - a scroll of magic mapping {unknown}
 l - a scroll of enchant armour {unknown}
Potions
 d - a potion of brilliance {unknown}
 f - a potion of magic {unknown}
 g - a potion of flight {unknown}
Miscellaneous
 c - a phial of floods (inert)


   Skills:
 - Level 3.0 Fighting
 * Level 5.6 Dodging
 - Level 2.0 Unarmed Combat
 - Level 1.7 Invocations
 - Level 0.1 Evocations


You had 2 spell levels left.
You didn't know any spells.
Your spell library contained the following spells:

 Spells                   Type           Power      Damage    Failure   Level
 Airstrike                Air            0%         N/A       98%         4
 Summon Lightning Spire   Summ/Air       0%         N/A       98%         4
 Lightning Bolt           Conj/Air       0%         1d11      100%        5


Dungeon Overview and Level Annotations

Branches:
Dungeon (3/15)

Altars:
Okawaru

Shops:
D:2 [   D:3 (


Innate Abilities, Weirdness & Mutations

You have sharp claws.
You have razor-sharp teeth.
You have supernaturally acute eyesight. (SInv)
You cover ground quickly. (Speed+)
You are covered in fur. (AC +1)
Your paws help you pounce on unaware monsters.
You are incapable of wielding weapons or throwing items.
You cannot wear armour.
You gain extra lives every three experience levels.


Message History

You kill the jackal!
Lugonu accepts your kill.
You scratch the jackal.
The jackal is heavily wounded.
The jackal misses you. The jackal completely misses you.
You miss the jackal. Your bite misses the jackal.
The jackal is heavily wounded.
The jackal completely misses you.
You scratch the jackal.
The jackal is severely wounded.
The jackal bites you. The jackal completely misses you.
You scratch the jackal.
You kill the jackal!
Lugonu accepts your kill.
You barely miss the kobold. The kobold misses you.
You barely miss the kobold. The kobold completely misses you.
You miss the kobold. You bite the kobold, but do no damage.
The kobold completely misses you.
You scratch the kobold but do no damage.
The kobold hits you with a +1 whip of distortion.
Space warps horribly around you!
* * * LOW HITPOINT WARNING * * *
You scratch the kobold.
You kill the kobold!
Lugonu accepts your kill.
You start resting.
A frilled lizard comes into view.
A frilled lizard is nearby!
You are too injured to fight recklessly!
A hobgoblin comes into view.
The hobgoblin shouts!
Found a grey potion.
The hobgoblin closely misses you.
You closely miss the hobgoblin. The hobgoblin barely misses you.
You closely miss the hobgoblin. You barely miss the hobgoblin.
The hobgoblin hits you.
* * * LOW HITPOINT WARNING * * *
You scratch the hobgoblin but do no damage.
The hobgoblin hits you.
You die...

#.# ..# #.# #.#
#.######### #.........#
#.........#
#.........################
..........'...).@g..!.....
..........#...####.##.....
..........#...## #..# ...
..........#.hh.# ##.# .
..........#..h.# ..
...#'#'####....# #.!
...#.#.# #....# ..#
...#.#.# #....# #.#
##.#.#.# #....#


You could see a hobgoblin.

Vanquished Creatures
  An adder (D:3)
  2 dart slugs
  A ball python (D:1)
  3 bats
  3 endoplasms
  2 goblins
  4 hobgoblins
  7 jackals
  2 quokkas (D:1)
  A frilled lizard (D:1)
  4 kobolds
30 creatures vanquished.

Notes
Turn   | Place    | Note
-------+----------+-------------------------------------------
     0 | Abyss:1  | Redcow54321 the Felid Abyssal Knight began the quest for
                  | the Orb.
     0 | Abyss:1  | Reached XP level 1. HP: 10/10 MP: 3/3
    68 | Abyss:1  | Noticed a spatial vortex
    87 | Abyss:1  | Noticed a spatial vortex
    87 | Abyss:1  | Noticed a spatial vortex
    87 | Abyss:1  | Noticed a spatial vortex
    88 | Abyss:1  | Noticed a spatial vortex
    88 | Abyss:1  | Noticed a spatial vortex
    88 | Abyss:1  | Noticed a spatial vortex
    88 | Abyss:1  | Noticed a spatial vortex
    89 | Abyss:1  | Noticed a spatial vortex
    97 | Abyss:1  | Noticed a spatial vortex
   100 | Abyss:1  | Noticed a spatial vortex
   102 | Abyss:1  | Noticed a spatial vortex
   103 | Abyss:1  | Noticed a spatial maelstrom
   103 | Abyss:1  | Noticed a spatial vortex
   129 | Abyss:2  | Noticed a bone dragon
   144 | Abyss:2  | Noticed a tormentor
   168 | Abyss:2  | Noticed a large abomination
   180 | D:1      | Escaped the Abyss
   711 | D:1      | Reached skill level 4 in Dodging
   777 | D:1      | Reached XP level 2. HP: 7/14 MP: 4/4
   955 | D:1      | Found a faded altar of an unknown god.
  1407 | D:2      | Found an iron altar of Okawaru.
  1958 | D:2      | Reached skill level 5 in Dodging
  2265 | D:2      | Found Ypleolu's Armour Shop.
  2391 | D:3      | Reached XP level 3. HP: 14/17 MP: 5/5
  2391 | D:3      | Found Qeugog's Weapon Boutique.
  2569 | D:3      | Reached * piety under Lugonu
  2709 | D:3      | Slain by a hobgoblin

Illustrated notes

Levels and vault maps discovered:
D:1:      dpeg_arrival_rooms_b, layout_basic, chequers_ecumenical_altar_island
D:2:      layout_basic, basic_altar, serial_shops, shop_statue
D:3:      layout_basic, grunt_temple_overflow_diamond, serial_shops,
          nicolae_square_shop, serial_bayou_lagoon_a

Skill      XL: |  1  2 |
---------------+-------+-----
Dodging        | 4 5 |  5.6
Fighting       | |  3.0
Unarmed Combat | |  2.0
Invocations    | |  1.7
Evocations     | |  0.1

Action                   || total
-------------------------++-------
Melee: Unarmed           ||   112
       Bite              ||    13
       Punch             ||     2
Invok: Depart the Abyss  ||     1
Evoke: Phial of floods   ||     1
 Stab: Sleeping          ||     2
Armor: Skin              ||     3
Dodge: Dodged            ||    91

Table legend: (Time is in decaauts)
 A = Elapsed time spent in this place.
 B = Non-inter-level travel time spent in this place.
 C = Inter-level travel time spent in this place.
 D = Time resting spent in this place.
 E = Time spent auto-exploring this place.
 F = Levels seen in this place.
 G = Mean time per level.
                   A        B        C        D        E       F      G
               +--------+--------+--------+--------+--------+-----+--------+
         Total |   2419 |   2400 |     19 |     58 |   2031 |   5 |  483.8 |
       Dungeon |   2274 |   2255 |     19 |     58 |   1979 |   3 |  758.0 |
         Abyss |    145 |    145 |      0 |      0 |     52 |   2 |   72.5 |
               +--------+--------+--------+--------+--------+-----+--------+

Top non-repeatable levels by time:
     D:1: 1099 daAuts
     D:2: 838 daAuts
     D:3: 337 daAuts
 Abyss:1: 84 daAuts
 Abyss:2: 60 daAuts
